 Dungeon Sprint DCSS version 0.24.0-125-gc4c63601f3 (webtiles) character file.

Game seed: 7086915084999488722, levelgen mode: deterministic

700000 Ponchio the Warrior (level 13, 140/140 HPs)
             Began as a White Draconian Berserker on Mar 4, 2020.
             Was a Follower of Trog.
             Got out of the dungeon alive.
             The game lasted 00:00:34 (7 turns).

Ponchio the Warrior (White Draconian Berserker)        Turns: 7, Time: 00:00:35

Health: 140/140    AC:  8    Str: 21    XL:     13   Next: 0%
Magic:  13/13      EV: 25    Int:  7    God:    Trog [*.....]
Gold:   0          SH:  0    Dex: 15    Spells: 12/12 levels left

rFire    . . .     SeeInvis .   i - +∞ Axe of Woe
rCold    + . .     Gourm    .   (shield currently unavailable)
rNeg     . . .     Faith    .   (armour unavailable)
rPois    .         Spirit   .   (helmet restricted)
rElec    .         Reflect  .   (no cloak)
rCorr    .         Harm     .   (no gloves)
MR       .....     NoTele   +   (no boots)
Stlth    +.........             (no amulet)
HPRegen  0.33/turn              (no ring)
MPRegen  0.13/turn              (no ring)

@: no status effects
A: breathe frost, unfitting armour, cold resistance 1, cold-blooded, AC +8
a: Breathe Frost, Berserk, Renounce Religion


You escaped.
You worshipped Trog.
Trog was aware of your devotion.
You were not hungry.

You visited 1 branch

Inventory:

Hand Weapons
 a - a +0 hand axe
 i - the +∞ Axe of Woe (weapon)
   (You found it in the Dungeon)
Scrolls
 h - a scroll of blinking
Potions
 c - a potion of curing
 d - a potion of heal wounds
 e - a potion of haste
 f - 2 potions of magic
 g - a potion of berserk rage
Comestibles
 b - a ration


   Skills:
 + Level 20.4 Fighting
 + Level 19.0 Axes
 + Level 17.7 Dodging


You had 12 spell levels left.
You didn't know any spells.
Your spell library was empty.

Dungeon Overview and Level Annotations

Branches:
Dungeon (1/1)

Altars:
Makhleb


Innate Abilities, Weirdness & Mutations

You can breathe waves of freezing cold.
You can buffet flying creatures when you breathe cold.
Your icy white scales are hard. (AC +8)
You cannot fit into any form of body armour.
Your flesh is cold resistant. (rC+)
You are cold-blooded and may be slowed by cold attacks.


Message History

You feel agile.
You have reached level 9!
Your experience leads to an increase in your attributes!
Increase (S)trength, (I)ntelligence, or (D)exterity?
You feel agile.
Your scales feel tougher.
You have reached level 10!
You have reached level 11!
You have reached level 12!
Your experience leads to an increase in your attributes!
Increase (S)trength, (I)ntelligence, or (D)exterity?
You feel agile.
You feel stronger.
Your scales feel tougher.
You have reached level 13!
You hear a shout! x7
A meat berserker comes into view. It is wielding a +9 battleaxe.
A bag of meat comes into view. It is wielding a +9 war axe.
You hear a shout! x4
Unknown command.
Are you sure you want to leave the Dungeon?
This will make you lose the game!
You hear a shout! x9
You have escaped!

.. .. #. .# #..
..# .###..
o.###.
......###o.....
....._.....
#.....# #_.@._#
#...).#
.oo.._o....
......###......
.###.. ..###.
#.. ..# #. .#
.. ..


You could see 5 bags of meat.

Vanquished Creatures
  An ogre (D)
1 creature vanquished.

Notes
Turn   | Place    | Note
-------+----------+-------------------------------------------
     0 | D        | Found the +∞ Axe of Woe
     0 | D        | Ponchio the Draconian Berserker began the quest for the
                  | Orb.
     0 | D        | Reached XP level 1. HP: 19/19 MP: 1/1
     2 | D        | Noticed a meat berserker
     2 | D        | Noticed a bag of meat
     3 | D        | Noticed a bag of meat
     3 | D        | Noticed a bag of meat
     4 | D        | Noticed a bag of meat
     4 | D        | Noticed a bag of meat
     5 | D        | Killed a meat berserker
     5 | D        | Reached skill level 20 in Fighting
     5 | D        | Reached XP level 2. HP: 57/57 MP: 2/2
     5 | D        | Reached XP level 3. HP: 64/64 MP: 3/3
     5 | D        | Reached XP level 4. HP: 72/72 MP: 4/4
     5 | D        | Reached XP level 5. HP: 80/80 MP: 5/5
     5 | D        | Reached XP level 6. HP: 88/88 MP: 6/6
     5 | D        | Your scales start taking on an icy white colour.
     5 | D        | Reached XP level 7. HP: 95/95 MP: 7/7
     5 | D        | Gained mutation: Your flesh is cold resistant. (rC+) [White
                  | Draconian growth]
     5 | D        | Reached XP level 8. HP: 103/103 MP: 8/8
     5 | D        | Reached XP level 9. HP: 111/111 MP: 9/9
     5 | D        | Reached XP level 10. HP: 118/118 MP: 10/10
     5 | D        | Reached XP level 11. HP: 126/126 MP: 11/11
     5 | D        | Reached XP level 12. HP: 134/134 MP: 12/12
     5 | D        | Reached XP level 13. HP: 140/140 MP: 13/13
     5 | D        | Noticed a meat berserker
     5 | D        | Noticed a bag of meat
     7 | D        | Got out of the dungeon alive.

Levels and vault maps discovered:
D:        meatsprint

Skill      XL: |  1 |
---------------+----+-----
Fighting       | 20 | 20.4
Axes           | 19 | 19.0
Dodging        | 17 | 17.7

Action                   |  1- 3 |  4- 6 |  7- 9 | 10-12 | 13-15 || total
-------------------------+-------+-------+-------+-------+-------++-------
Melee: Executioner's axe |     1 |       |       |       |       ||     1
